 Dungeon Crawl Stone Soup version 0.31-a0-219-g8d62b2e7bb (webtiles) character file.

Game seed: 4167315555039622776

23 qw the Shooter (level 3, -1/21 HPs)
             Began as a Gargoyle Hexslinger on July 3, 2023.
             Slain by Sigmund
             ... wielding a +0 scythe
              (4 damage)
             ... on level 2 of the Dungeon.
             The game lasted 00:00:20 (1065 turns).

qw the Shooter (Gargoyle Hexslinger)                Turns: 1065, Time: 00:00:21

Health: -1/21      AC:  8    Str: 11    XL:     3   Next: 0%
Magic:  4/4        EV: 10    Int: 13    God:
Gold:   62         SH:  0    Dex: 14    Spells: 3/4 levels left

rFire   . . .        Y - +1 sling
rCold   . . .        (no shield)
rNeg    + . .        a - +0 ring mail
rPois   inf          (no helmet)
rElec   +            (no cloak)
rCorr   .            (no gloves)
SInv    .            (no boots)
Will    .....        (no amulet)
Stlth   +            (no ring)
HPRegen 0.23/turn    (no ring)
MPRegen 0.09/turn

%: no passive effects
@: no status effects
A: sickness immunity, AC +3, negative energy resistance 1, electricity
resistance, torment resistance 1, petrification resistance
a: no special abilities


You were on level 2 of the Dungeon.
You visited 1 branch of the dungeon, and saw 2 of its levels.

You collected 62 gold pieces.


Innate Abilities, Weirdness & Mutations

You are immune to sickness and miasma.
Your stone body is resilient. (AC +3)
You are immune to poison.
You resist negative energy. (rN+)
You are resistant to electric shocks. (rElec)
You are resistant to unholy torment.
You are immune to petrification.


   Skills:
 - Level 2.0 Fighting
 + Level 3.0 Ranged Weapons
 - Level 1.5 Dodging
 - Level 1.0 Spellcasting
 - Level 2.6 Hexes


You had 3 spell levels left.
You knew the following spells:

 Your Spells              Type           Power      Damage    Failure   Level
a - Slow                  Hex            28%        N/A       22%         1

Your spell library contained the following spells:

 Spells                   Type           Power      Damage    Failure   Level
 Inner Flame              Hex/Fire       4%         N/A       75%         3
 Portal Projectile        Hex/Tloc       8%         N/A       75%         3
 Cause Fear               Hex            3%         N/A       92%         4

Inventory:

Hand Weapons
 Y - a +1 sling (weapon)
Armour
 a - a +0 ring mail (worn)
Scrolls
 b - a scroll of enchant armour
Potions
 d - a potion of haste {unknown}

Dungeon Overview and Level Annotations

Branches:
Dungeon (2/15)

Altars:

Annotations:
D:2 Sigmund


Message History

There is a stone staircase leading up here.
b - a scroll of enchant armour
There is a stone staircase leading up here.
Sigmund the Dreaded comes into view.
He is wielding a +0 scythe.
Enter note:
Enter note: You shoot a sling bullet.
The sling bullet closely misses Sigmund.
Sigmund casts a spell at you. The magic dart hits you.
1055 ||| FLEEEEING.
You shoot a sling bullet. The sling bullet barely misses Sigmund.
You start resting.
Sigmund is nearby!
You shoot a sling bullet. The sling bullet hits Sigmund.
Sigmund is lightly wounded.
Sigmund casts a spell at you. You resist with significant effort.
You shoot a sling bullet.
The sling bullet closely misses Sigmund.
Sigmund casts a spell at you. The puff of flame hits you!
Ouch! That really hurt!
You shoot a sling bullet. The sling bullet hits Sigmund.
Sigmund is lightly wounded.
Sigmund points at you and mumbles some strange words.
The magic dart hits you!
You shoot a sling bullet. The sling bullet barely misses Sigmund.
Sigmund mumbles some strange words.
Sigmund flickers and vanishes!
Deactivating autopickup; reactivate with Ctrl-A.
You hear an angry hiss.
1062 ||| STILL FLEEEEING.
1063 ||| STILL FLEEEEING.
Enter note:
Enter note:
1064 ||| STILL FLEEEEING.
You shoot a sling bullet. Something hits you.
You die...

..# #..# ...
#..# #.#
#..# #..###
#..# #...##
#..# #..###
#..# ##...#
#..# ###.#
#..#
#@####[.#
#.......#
#..##...#
#...#...#
##......####
#.##..>...#
#.##.#.##.#
#.##.#<.#.#
#.##.#..#.#


There were no monsters in sight!

Vanquished Creatures
  3 bats (D:1)
  4 endoplasms
  2 goblins
  A hobgoblin (D:1)
  2 kobolds (D:1)
  A quokka (D:1)
  5 ball pythons (D:1)
  A frilled lizard (D:1)
  A rat (D:1)
20 creatures vanquished.

Notes
Turn   | Place    | Note
-------+----------+-------------------------------------------
     0 | D:1      | qw the Gargoyle Hexslinger began the quest for the Orb.
     0 | D:1      | Reached XP level 1. HP: 12/12 MP: 2/2
     0 | D:1      | 0 ||| qw: Version: 0.3-a-40-ge99b1a8
     0 | D:1      | 0 ||| qw: Game counter: 366
     0 | D:1      | 0 ||| qw: Melee chars always use a shield: true
     0 | D:1      | 0 ||| qw: God list: Okawaru
     0 | D:1      | 0 ||| qw: Allow faded altars: false
     0 | D:1      | 0 ||| qw: Do Orc after clearing Dungeon:15 true
     0 | D:1      | 0 ||| qw: Do second Lair branch before Depths: true
     0 | D:1      | 0 ||| qw: Lair rune preference: random
     0 | D:1      | 0 ||| qw: Goals: Normal
     0 | D:1      | 0 ||| PLANNING D:1-11
   198 | D:1      | Reached XP level 2. HP: 16/16 MP: 3/3
   277 | D:1      | Reached skill level 3 in Ranged Weapons
   687 | D:1      | HP: 4/16 [constriction (1)]
   866 | D:1      | 866 ||| UPGRADING to +0 leather armour.
   876 | D:1      | 876 ||| DROPPING +0 robe.
   877 | D:1      | 877 ||| READING scroll labelled PEGHUA LAOR.
   878 | D:1      | 878 ||| READING scroll labelled YLIYSAUGGO.
   879 | D:1      | 879 ||| READING scroll labelled WICOHI YZEIPN.
   880 | D:1      | 880 ||| READING scroll labelled AROR JAEMUTU.
   881 | D:1      | 881 ||| DROPPING scroll of poison.
   982 | D:2      | Reached XP level 3. HP: 21/21 MP: 4/4
   983 | D:2      | 983 ||| UPGRADING to +0 ring mail.
   993 | D:2      | 993 ||| DROPPING +0 leather armour.
  1001 | D:2      | 1001 ||| STAIRDANCE
  1053 | D:2      | Noticed Sigmund
  1055 | D:2      | 1055 ||| FLEEEEING.
  1060 | D:2      | HP: 1/21 [Sigmund/magic dart (7)]
  1065 | D:2      | Slain by Sigmund

Levels and vault maps discovered:
D:1:      spicycebolla_arrival_ecumenical, layout_basic, minmay_pentomino_t2
D:2:      layout_basic, minivault_26, dreamdust_wishing_well, uniq_sigmund

Skill      XL: |  1  2 |
---------------+-------+-----
Ranged Weapons | 3 |  3.0
Fighting       | 2 |  2.0
Dodging        | |  1.5
Spellcasting   | |  1.0
Hexes          | |  2.6

Action                     || total
---------------------------++-------
   Fire: Sling             ||    85
    Use: Scroll            ||     4
 Armour: Robe              ||    23
  Dodge: Dodged            ||    21

Table legend:
 A = Non-vault XP
 B = Vault XP
 C = Vault XP percentage of total XP
 D = Non-vault monster count
 E = Vault monster count
 F = Vault count percentage of total count
                 A         B        C        D         E       F
            +---------+---------+-------+---------+---------+-------
      Total |      32 |       2 |   5.9 |      19 |       1 |   5.0
            +---------+---------+-------+---------+---------+-------
        D:1 |      26 |       2 |   7.1 |      16 |       1 |   5.9
        D:2 |       6 |       0 |   0.0 |       3 |       0 |   0.0
            +---------+---------+-------+---------+---------+-------
